 Dungeon Crawl Stone Soup version 0.19-b1-4-gd8a0a2a (webtiles) character file.

74 nikopol the Chopper (level 4, -3/60 HPs)
             Began as a Hill Orc Berserker on Oct 30, 2016.
             Was a Believer of Trog.
             Slain by a gnoll
             ... wielding a +0 spear
              (8 damage)
             ... on level 2 of the Dungeon.
             The game lasted 00:03:16 (1275 turns).

nikopol the Chopper (Hill Orc Berserker)            Turns: 1275, Time: 00:03:17

Health: -3/60      AC:  4    Str: 25    XL:     4   Next: 28%
Magic:  4/4        EV: 12    Int:  7    God:    Trog [**....]
Gold:   44         SH:  0    Dex: 10    Spells: 0 memorised, 3 levels left

rFire  . . .     SeeInvis +     a - +1 hand axe (freeze)
rCold  . . .     Gourm    .     d - +0 leather armour
rNeg   . . .     Faith    .     (no shield)
rPois  .         Spirit   .     (no helmet)
rElec  .         Reflect  .     k - +0 cloak
rCorr  .         Harm     .     (no gloves)
MR     .....                    (no boots)
Stlth  ..........               (no amulet)
                                (no ring)
                                e - ring of see invisible

@: berserking (expiring), very quick
A: no striking features
a: Berserk, Trog's Hand, Burn Spellbooks, Renounce Religion


You were on level 2 of the Dungeon.
You worshipped Trog.
Trog was pleased with you.
You were hungry.

You visited 1 branch of the dungeon, and saw 2 of its levels.

You collected 44 gold pieces.

Inventory:

Hand Weapons
 a - a +1 hand axe of freezing (weapon)
 l - a +0 hand axe
Missiles
 h - 48 arrows (quivered)
Armour
 b - a +0 animal skin
 d - a +0 leather armour (worn)
 f - a +0 ring mail
 k - a +0 cloak (worn)
Jewellery
 e - a ring of see invisible (left hand)
 i - an uncursed ring of positive energy {unknown}
Scrolls
 g - a scroll of identify {unknown}
 m - a scroll of immolation {unknown}
Potions
 n - a potion of might {unknown}
 o - a potion of lignification {unknown}
Comestibles
 c - 4 bread rations
 p - a meat ration


   Skills:
 + Level 4.1 Fighting
 + Level 4.9 Axes
 + Level 3.0 Armour
 + Level 2.3 Dodging


You had 3 spell levels left.
You didn't know any spells.

Dungeon Overview and Level Annotations

Branches:
Dungeon (2/15)

Altars:
Ashenzari
Trog
Yredelemnul


Message History

A red film seems to cover your vision as you go berserk!
You feel yourself moving faster!
You feel mighty!
You are feeling hungry.
The gnoll closely misses you. The gnoll hits you with a club.
* * * LOW HITPOINT WARNING * * *
A gnoll comes into view. It is wielding a spear.
The gnoll shouts!
You slash the gnoll! You freeze the gnoll.
You kill the gnoll!
Trog accepts your kill.
Your Armour skill increases to level 3!
You have reached level 4!
You hit the gnoll. You freeze the gnoll.
You kill the gnoll!
Trog accepts your kill.
Things that are here:
a flail; 15 gold pieces; a gnoll corpse You feel a strong urge to attack something.
The gnoll hits you from afar with a spear!
You die...

###### #####.## #.#
.......#...#..###.#
###....#........#.#
##..##....##.#...#
##..#⌠.#.+#..⌠#...##
....#.........#....#
.###.#.......####†.#
.#...#.......#..))$#
.....+..._[..+..@'.#
.#...#.......#g..#.#
.###.#.......#.###.#
....#.........# .#
....#⌠.##+##.⌠# .#
#...#### ## .# #....
..... ##...


You could see a gnoll.

Vanquished Creatures
  2 gnolls (D:2)
  An adder (D:2)
  2 worms (D:2)
  A leopard gecko (D:1)
  4 bats (D:1)
  3 giant cockroaches (D:1)
  6 goblins
  4 hobgoblins
  5 kobolds
  2 ball pythons
  3 frilled lizards
  9 rats
42 creatures vanquished.

Notes
Turn   | Place    | Note
-------+----------+-------------------------------------------
     0 | D:1      | nikopol the Hill Orc Berserker began the quest for the Orb.
     0 | D:1      | Reached XP level 1. HP: 19/19 MP: 1/1
   110 | D:1      | Reached XP level 2. HP: 26/27 MP: 2/2
   572 | D:1      | Reached ** piety under Trog
   572 | D:1      | Reached XP level 3. HP: 29/33 MP: 3/3
   900 | D:2      | Found a basalt altar of Yredelemnul.
   926 | D:2      | Noticed a moth of wrath
   929 | D:2      | Found a bloodstained altar of Trog.
  1233 | D:2      | Found a shattered altar of Ashenzari.
  1273 | D:2      | Reached XP level 4. HP: 5/40 MP: 4/4
  1275 | D:2      | Slain by a gnoll

Skill      XL: |  1  2  3 |
---------------+----------+-----
Dodging        | 2 |  2.3
Fighting       | 4 |  4.1
Armour         | 3 |  3.0
Axes           | |  4.9

Action                   |  1- 3 |  4- 6 || total
-------------------------+-------+-------++-------
Melee: Hand axe          |   102 |       ||   102
Invok: Berserk           |     1 |       ||     1
  Eat: Chunk             |     1 |       ||     1
Armor: Leather armour    |    30 |       ||    30
       Animal skin       |     1 |       ||     1
Dodge: Dodged            |    71 |       ||    71
